 Dungeon Crawl Stone Soup version 0.32-a0-814-g0968bab981 (webtiles) character file.

Game seed: 6341865895633615409

134 Griffin23 the Covered (level 4, -2/41 HPs)
             Began as a Minotaur Fighter on Mar 22, 2024.
             Slain by a gnoll
             ... wielding a +0 club
             ... led by a gnoll bouda
              (3 damage)
             ... on level 3 of the Dungeon.
             The game lasted 00:02:16 (1757 turns).

Griffin23 the Covered (Minotaur Fighter)            Turns: 1757, Time: 00:02:17

Health: -2/41      AC:  8    Str: 22    XL:     4   Next: 95%
Magic:  12/12      EV:  8    Int: 11    God:
Gold:   141        SH:  4    Dex: 10    Spells: 3/3 levels left

rFire   . . .        a - +0 long sword
rCold   . . .        c - +0 buckler
rNeg    . . .        b - +0 scale mail
rPois   .            (helmet restricted)
rElec   .            (no cloak)
rCorr   .            (no gloves)
SInv    .            i - +0 pair of boots
Will    .....        (no amulet) Stlth
                     f - +6 ring of intelligence
HPRegen 0.26/turn    l - ring of magical power
MPRegen 0.13/turn

%: no passive effects
@: weakened
A: horns 2, retaliatory headbutt
a: no special abilities


You were on level 3 of the Dungeon.
You visited 1 branch of the dungeon, and saw 3 of its levels.

You collected 141 gold pieces.

Inventory:

Hand Weapons
 a - a +0 long sword (weapon)
Missiles
 q - a throwing net (quivered)
Armour
 b - a +0 scale mail (worn)
 c - a +0 buckler (worn)
 i - a +0 pair of boots (worn)
Jewellery
 f - a +6 ring of intelligence (left hand)
 l - a ring of magical power (right hand)
Wands
 r - a wand of warping (8)
Scrolls
 g - 2 scrolls of blinking {unknown}
 h - a scroll of amnesia {unknown}
 j - 2 scrolls of identify {unknown}
 o - a scroll of butterflies {unknown}
Potions
 d - a potion of might
 e - 2 potions of attraction {unknown}
 k - 3 potions of curing {unknown}
 m - a potion of ambrosia {unknown}
 n - a potion of degeneration {unknown}
 p - a potion of haste {unknown}


   Skills:
 + Level 4.4 Fighting
 * Level 4.2 Long Blades
 + Level 4.5 Armour
 + Level 4.4 Shields


You had 3 spell levels left.
You didn't know any spells.
Your spell library was empty.

Dungeon Overview and Level Annotations

Branches:
Dungeon (3/15)

Altars:


Innate Abilities, Weirdness & Mutations

You have a pair of horns on your head.
You reflexively headbutt those who attack you in melee.


Message History

You block the gnoll's attack.
You hit the gnoll bouda but do no damage.
The gnoll bouda hits you but does no damage.
The gnoll hits you with a +0 club.
You hit the gnoll bouda. You headbutt the gnoll bouda.
The gnoll bouda is moderately wounded.
The gnoll bouda barks out a call to the hunt!
The gnoll picks up the pace!
A kobold comes into view. It is wielding a +0 whip.
The gnoll hits you but does no damage.
A gnoll comes into view. It is wielding a +0 halberd.
The gnoll bouda barks out a call to the hunt!
The gnoll picks up the pace!
You barely miss the gnoll bouda.
The gnoll bouda is moderately wounded.
The gnoll hits you with a +0 club.
You hit the gnoll bouda.
The gnoll bouda is heavily wounded.
The gnoll barely misses you. The gnoll bouda barely misses you.
The gnoll hits you with a +0 club. x2
You are too injured to fight recklessly!
Unknown command.
You barely miss the gnoll bouda. Your headbutt misses the gnoll bouda.
The gnoll bouda is heavily wounded.
The gnoll hits you from afar with a +0 halberd.
The gnoll bouda hits you with a +0 club.
* * * LOW HITPOINT WARNING * * *
The gnoll closely misses you. The gnoll hits you with a +0 club.
* * * LOW HITPOINT WARNING * * *
The gnoll misses you.
The gnoll bouda gazes fiercely through you!
You feel as though you will be weak longer.
The gnoll bouda hits you with a +0 club.
* * * LOW HITPOINT WARNING * * *
The gnoll hits you with a +0 club.
* * * LOW HITPOINT WARNING * * *
A kobold comes into view.
It is wielding a +1 short sword of freezing.
The gnoll attacks as it pursues you! The gnoll closely misses you.
The gnoll attacks as it pursues you! The gnoll hits you with a +0 club.
You die...

#.. ........# # #.#
........# #.#####.#
........+ ........#
.....†..# .........
........##+### ........#
.............# #.#.....)
.............#.........)
#.@.....#..........
#gg..).............
#.g..†..#.#+#......
..K.g.Kg........#........
...####.......#####......
..K..................
###.......#####......
#.......# #......
######### #......


You could see a gnoll bouda, 3 gnolls and 2 kobolds.

Vanquished Creatures
  Ijyb (D:3)
  3 adders
  3 gnolls (D:2)
  A dart slug (D:2)
  An orc (D:3)
  7 ball pythons
  5 bats
  4 endoplasms (D:1)
  2 giant cockroaches (D:1)
  5 goblins
  2 hobgoblins (D:2)
  4 kobolds
  A quokka (D:1)
  2 frilled lizards
  5 rats
46 creatures vanquished.

Vanquished Creatures (others)
  A giant cockroach (D:3)
1 creature vanquished.

Grand Total: 47 creatures vanquished

Notes
Turn   | Place    | Note
-------+----------+-------------------------------------------
     0 | D:1      | Griffin23 the Minotaur Fighter began the quest for the Orb.
     0 | D:1      | Reached XP level 1. HP: 19/19 MP: 0/0
   157 | D:1      | Reached XP level 2. HP: 27/27 MP: 1/1
   682 | D:1      | Found a faded altar of an unknown god.
   892 | D:2      | Reached XP level 3. HP: 33/33 MP: 2/2
  1613 | D:2      | Reached XP level 4. HP: 40/40 MP: 3/3
  1704 | D:3      | Noticed Ijyb
  1721 | D:3      | Killed Ijyb
  1756 | D:3      | HP: 1/41 [gnoll/+0 club[a gnoll bouda] (4)]
  1757 | D:3      | Slain by a gnoll

Illustrated notes

Levels and vault maps discovered:
D:1:      dpeg_arrival_radiant, layout_loops_ring,
          dreamdust_ecumenical_altar_hidden_monk_grotto
D:2:      layout_basic
D:3:      layout_basic, nicolae_grassy_gnolls, uniq_ijyb

Skill      XL: |  1  2  3  4 |
---------------+-------------+-----
Long Blades    | 3 4 |  4.2
Fighting       | 4 |  4.4
Armour         | 4 |  4.5
Shields        | 4 |  4.4

Action                     |  1- 3 |  4- 6 || total
---------------------------+-------+-------++-------
  Melee: Long sword        |    86 |    38 ||   124
         Headbutt          |    13 |     6 ||    19
 Armour: Scale mail        |    66 |    43 ||   109
  Dodge: Dodged            |    32 |    22 ||    54
  Block: Buckler           |    19 |     9 ||    28

Table legend: (Time is in decaauts)
 A = Elapsed time spent in this place.
 B = Non-inter-level travel time spent in this place.
 C = Inter-level travel time spent in this place.
 D = Time resting spent in this place.
 E = Time spent auto-exploring this place.
 F = Levels seen in this place.
 G = Mean time per level.
                   A        B        C        D        E       F      G
               +--------+--------+--------+--------+--------+-----+--------+
         Total |   1789 |   1680 |    109 |      0 |   1361 |   3 |  596.3 |
       Dungeon |   1789 |   1680 |    109 |      0 |   1361 |   3 |  596.3 |
               +--------+--------+--------+--------+--------+-----+--------+

Top non-repeatable levels by time:
     D:1: 898 daAuts
     D:2: 759 daAuts
     D:3: 132 daAuts
